 Dungeon Crawl Stone Soup version 0.24.0-35-gdb84b6a5db (webtiles) character file.

Game seed: 1106446336810954288, levelgen mode: deterministic

1495 Gruesph the Covert (level 8, -3/72 HPs)
             Began as a Naga Venom Mage on Nov 20, 2019.
             Was a Follower of Cheibriados.
             Splashed by a jelly's acid (10 damage)
             ... on level 5 of the Dungeon.
             The game lasted 00:35:23 (6365 turns).

Gruesph the Covert (Naga Venom Mage)                Turns: 6365, Time: 00:35:23

Health: -3/72      AC:  0    Str: 14    XL:     8   Next: 81%
Magic:  7/14       EV: 10    Int: 21    God:    Cheibriados [*.....]
Gold:   179        SH:  0    Dex: 14    Spells: 9/15 levels left

rFire    . . .     SeeInvis +   d - -3 mace (curse)
rCold    . . .     Gourm    .   (no shield)
rNeg     . . .     Faith    .   k - +0 robe
rPois    +         Spirit   .   n - +1 helmet
rElec    .         Reflect  .   q - +1 cloak
rCorr    .         Harm     .   (no gloves)
MR       +....                  (no barding)
Stlth    ++++......             (no amulet)
HPRegen  0.22/turn              (no ring)
MPRegen  0.14/turn              (no ring)

@: corroded, very slightly contaminated, very slow
A: large, see invisible, deformed body, poison resistance, slowness 2, slow
metabolism 1, spit poison 1, AC +2
a: Spit Poison, Bend Time, Renounce Religion


You were on level 5 of the Dungeon.
You worshipped Cheibriados.
Cheibriados was aware of your devotion.
You were near starving.

You visited 2 branches of the dungeon, and saw 8 of its levels.

You collected 179 gold pieces.

Inventory:

Hand Weapons
 a - a +0 hunting sling
 b - a +0 flail of draining
 d - a cursed -3 mace (weapon)
 g - a +0 trident
 v - the +4 flail of the Hall of Blades {elec, rF- rC+ rN+++ Stlth+, unknown}
   (You found it on level 6 of the Dungeon)

   Occasionally, upon striking a foe, it will discharge some electrical energy
   and cause terrible harm.
   It makes you vulnerable to fire.
   It protects you from cold.
   It renders you almost immune to negative energy.
   It makes you more stealthy.
Missiles
 e - 3 sling bullets
 i - 34 poisoned darts (quivered)
Armour
 k - a +0 robe (worn)
 n - a +1 helmet (worn)
 q - a +1 cloak (worn)
 s - a +1 hat of see invisible
Jewellery
 r - an uncursed amulet of regeneration {unknown}
Wands
 l - a wand of flame (18)
 o - a wand of enslavement (10)
Scrolls
 j - 3 scrolls of teleportation
Potions
 f - 2 potions of mutation {unknown}
 h - 2 potions of haste {unknown}
 m - a potion of heal wounds {unknown}
 p - a potion of degeneration {unknown}
Comestibles
 c - 5 rations


   Skills:
 + Level 4.1 Fighting
 - Level 1.5 Dodging
 + Level 8.6 Stealth
 - Level 4.0 Spellcasting
 - Level 3.3 Conjurations
 - Level 3.0 Air Magic
 - Level 7.1 Poison Magic
 + Level 2.9 Invocations


You had 9 spell levels left.
You knew the following spells:

 Your Spells              Type           Power        Failure   Level  Hunger
a - Sting                 Conj/Pois      ####         1%          1    None
b - Poisonous Vapours     Pois/Air       ####..       2%          2    #......
c - Mephitic Cloud        Conj/Pois/Air  ###.....     5%          3    ###....

Your spell library contained the following spells:

 Spells                   Type           Power        Failure   Level  Hunger
 Olgreb's Toxic Radiance  Pois           ####....     6%          4    ####...
 Venom Bolt               Conj/Pois      ####......   36%         5    ######.


Dungeon Overview and Level Annotations

Branches:
Dungeon (7/15)             Temple (1/1) D:4

Altars:
Ashenzari
Cheibriados
Elyvilon
Fedhas
Kikubaaqudgha
Nemelex Xobeh
Okawaru
Qazlal
Ru
Sif Muna
Trog
Uskayaw
Vehumet
Wu Jian
Xom
Yredelemnul
Zin
The Shining One
Lugonu

Annotations:
D:4 book behind water


Innate Abilities, Weirdness & Mutations

You cannot wear boots.
Your serpentine skin is tough. (AC +2)
You have supernaturally acute eyesight. (SInv)
Armour fits poorly on your strangely shaped body.
Your system is resistant to poisons. (rPois)
You cover ground very slowly.
You have a slow metabolism.
You can spit poison.


Message History

You are near starving!
You hit the jelly.
Your hands burn!
The jelly is lightly wounded.
The jelly hits you but does no damage. x2
You sock the jelly! The acid corrodes you!
Your hands burn!
The jelly is moderately wounded.
The jelly hits you.
You are splashed with acid!
You barely miss the jelly.
The jelly is moderately wounded.
The jelly hits you. The acid corrodes you!
You are splashed with acid!
* * * LOW HITPOINT WARNING * * *
The jelly closely misses you. The jelly hits you.
* * * LOW HITPOINT WARNING * * *
You are splashed with acid!
* * * LOW HITPOINT WARNING * * *
The jelly hits you.
* * * LOW HITPOINT WARNING * * *
You are splashed with acid!
You die...

...# ...........#..........#.....
...#............#..........#.....
...#............#..........#.....
...# ..........#..........#.....
...# ......)...#..........#.....
...# ..........#..........#.....
#.##..##..#..........#'#### #.
##.###.....#'###.# ..
#..J@'.....#.....# ..
#....#.....#.....# ..
#....#.....#.....# .
#....#.....#.....#
######.....####### #######


You could see a jelly.

Vanquished Creatures
  Eustachio (D:4)
  Edmund (D:4)
  A sky beast (D:7)
  4 ogres
  Blork the orc (D:5)
  2 big kobolds (D:4)
  A bullfrog (D:6)
  3 hounds
  2 orc priests (D:4)
  3 orc wizards
  An iguana (D:5)
  3 worker ants
  6 gnolls (D:4)
  A howler monkey skeleton (D:6)
  6 adders
  3 worms
  A dart slug (D:1)
  3 leopard geckos
  10 orcs
  9 bats
  4 giant cockroaches
  5 goblins
  13 hobgoblins
  5 jackals
  15 kobolds
  A quokka (D:2)
  3 ball pythons
  A frilled lizard (D:1)
  4 rats
113 creatures vanquished.

Notes
Turn   | Place    | Note
-------+----------+-------------------------------------------
     0 | D:1      | Gruesph the Naga Venom Mage began the quest for the Orb.
     0 | D:1      | Reached XP level 1. HP: 15/15 MP: 3/3
   299 | D:1      | Reached XP level 2. HP: 22/22 MP: 3/5
   303 | D:1      | Learned a level 2 spell: Poisonous Vapours
   875 | D:1      | Reached XP level 3. HP: 18/28 MP: 2/6
  1048 | D:2      | Reached skill level 1 in Air Magic
  1060 | D:2      | Learned a level 3 spell: Mephitic Cloud
  1501 | D:2      | Found a bloodstained altar of Trog.
  1507 | D:2      | Found a white marble altar of Elyvilon.
  1613 | D:2      | Found an iron altar of Okawaru.
  1663 | D:2      | Reached XP level 4. HP: 36/36 MP: 4/7
  1665 | D:2      | Reached skill level 5 in Poison Magic
  1921 | D:2      | Found an ancient bone altar of Kikubaaqudgha.
  2453 | D:3      | Reached XP level 5. HP: 36/42 MP: 5/8
  2593 | D:3      | Noticed an angel
  2594 | D:3      | Found a shimmering altar of Xom.
  2596 | D:3      | Found a glowing silver altar of Zin.
  3152 | D:4      | Noticed an ogre
  3159 | D:3      | Killed an ogre
  3159 | D:3      | Reached XP level 6. HP: 49/49 MP: 2/9
  3229 | D:4      | Found a sacrificial altar of Ru.
  3480 | D:4      | Noticed Edmund
  3496 | D:4      | Noticed Eustachio
  3857 | D:4      | Found a shimmering blue altar of Sif Muna.
  3911 | D:4      | Reached skill level 4 in Stealth
  4104 | D:4      | Reached XP level 7. HP: 55/55 MP: 2/11
  4329 | D:4      | Found a staircase to the Ecumenical Temple.
  4354 | Temple   | Entered the Ecumenical Temple
  4435 | Temple   | Became a worshipper of Cheibriados the Contemplative
  4537 | D:4      | Reached skill level 5 in Stealth
  4821 | D:4      | Found an iron altar of Okawaru.
  4874 | D:4      | Killed Edmund
  4874 | D:4      | Reached skill level 1 in Fighting
  4987 | D:4      | Found a stormy altar of Qazlal.
  4988 | D:4      | Found a hide-covered altar of Uskayaw.
  5085 | D:4      | Found an ornate altar of the Wu Jian Council.
  5180 | D:4      | Killed Eustachio
  5180 | D:4      | Reached skill level 6 in Stealth
  5180 | D:4      | Reached XP level 8. HP: 66/67 MP: 0/14
  5453 | D:4      | Reached * piety under Cheibriados
  5453 | D:4      | Reached skill level 7 in Stealth
  5531 | D:5      | Entered Level 5 of the Dungeon
  5629 | D:5      | You fall into a shaft and drop 2 floors!
  5634 | D:7      | Reached skill level 1 in Invocations
  5663 | D:7      | Noticed a hippogriff
  5671 | D:7      | Found a blossoming altar of Fedhas.
  5776 | D:6      | Got a dazzling flail
  5788 | D:5      | Reached skill level 8 in Stealth
  5792 | D:5      | Noticed Blork the orc
  5898 | D:5      | Killed Blork the orc
  6365 | D:5      | Splashed by a jelly's acid

Levels and vault maps discovered:
D:1:      eino_arrival_tree_alley, layout_rooms, hex_intersection, st_stairs_4
D:2:      layout_rooms, lemuel_crystal_altar, amethyst_overflow_temple_binary,
          lemuel_coloured_pillars_altar
D:3:      layout_loops_cross, grunt_temple_overflow_order_and_chaos_1
D:4:      cheibrodos_thug_alley, layout_cave_pools,
          nicolae_overflow_hidden_temple, nicolae_overflow_crystal_walls,
          led_sif_book, gammafunk_temple_overflow_pools,
          minmay_temple_entry_antechambers, okawaru_altar_gauntlet_db,
          uniq_edmund, uniq_eustachio
D:5:      layout_gridville, first_ration, uniq_blork_the_orc
D:6:      layout_cave_pods, nicolae_gozag_seed_capital, serial_shops,
          nicolae_shop_stone, bloody_makhleb
D:7:      layout_cave_pools, fedhas_altar_2, grunt_livestock,
          lightli_church_of_beogh, uniq_crazy_yiuf_cottage
Temple:   corrupted_temple

Skill      XL: |  1  2  3  4  5  6  7  8 |
---------------+-------------------------+-----
Air Magic      | 1 2 3 |  3.0
Conjurations   | 2 3 |  3.3
Poison Magic   | 5 6 7 |  7.1
Stealth        | 4 6 8 |  8.6
Spellcasting   | 4 |  4.0
Fighting       | 2 4 |  4.1
Invocations    | 2 |  2.9
Dodging        | |  1.5

Action                   |  1- 3 |  4- 6 |  7- 9 || total
-------------------------+-------+-------+-------++-------
Melee: Mace              |    22 |       |   156 ||   178
       Flail             |       |       |     9 ||     9
 Fire: Hunting sling     |     4 |    53 |    17 ||    74
Throw: Dart              |       |    10 |     3 ||    13
 Cast: Sting             |    26 |    11 |    10 ||    47
       Poisonous Vapours |    18 |    56 |    66 ||   140
       Mephitic Cloud    |       |     3 |     8 ||    11
 Abil: Spit Poison       |     2 |     4 |     9 ||    15
  Use: Scroll            |       |     2 |     3 ||     5
  Eat: Chunk             |     1 |    12 |     7 ||    20
Armor: Robe              |     6 |    16 |   113 ||   135
Dodge: Dodged            |    21 |    35 |   130 ||   186
